 Dungeon Crawl Stone Soup version 0.26-a0-163-g6c8a0bf695 (webtiles) character file.

Game seed: 6356641140334619400

62 BritishOli the Skirmisher (level 3, 0/29 HPs)
             Began as a Demonspawn Monk on July 3, 2020.
             Killed from afar by a white imp (6 damage)
             ... with a puff of frost
             ... summoned by Natasha
             ... on level 2 of the Dungeon.
             The game lasted 00:01:17 (1830 turns).

BritishOli the Skirmisher (Demonspawn Monk)         Turns: 1830, Time: 00:01:18

Health: 0/29       AC:  3    Str: 12    XL:     3   Next: 85%
Magic:  3/3        EV: 13    Int: 11    God:
Gold:   133        SH:  0    Dex: 15    Spells: 2/2 levels left

rFire    . . .     SeeInvis .   a - +0 falchion
rCold    . . .     Faith    .   (no shield)
rNeg     . . .     Spirit   .   b - +0 robe
rPois    .         Reflect  .   (no helmet)
rElec    .         Harm     .   (no cloak)
rCorr    .                      (no gloves)
MR       .....                  f - +0 pair of boots (curse)
Stlth    ++........             (no amulet)
HPRegen  0.09/turn              (no ring)
MPRegen  0.08/turn              (no ring)

@: no status effects
A: powered by pain 1
a: no special abilities


You were on level 2 of the Dungeon.
You were not hungry.

You visited 1 branch of the dungeon, and saw 2 of its levels.

You collected 133 gold pieces.

Inventory:

Hand Weapons
 a - a +0 falchion (weapon)
Armour
 b - a +0 robe (worn)
 f - a cursed +0 pair of boots (worn)
Scrolls
 e - 3 scrolls of remove curse {unknown}
 g - a scroll of teleportation {unknown}
 j - a scroll of enchant weapon {unknown}
 k - 2 scrolls of identify {unknown}
Potions
 d - a potion of brilliance {unknown}
 h - a potion of heal wounds {unknown}
 i - a potion of flight {unknown}
Comestibles
 c - 2 rations


   Skills:
 + Level 3.5 Fighting
 + Level 3.1 Long Blades
 + Level 1.3 Armour
 + Level 3.1 Dodging
 - Level 2.0 Stealth


You had 2 spell levels left.
You didn't know any spells.
Your spell library was empty.

Dungeon Overview and Level Annotations

Branches:
Dungeon (2/15)

Altars:
Qazlal

Annotations:
D:2 Natasha


Innate Abilities, Weirdness & Mutations

You sometimes gain a little power by taking damage.


Message History

You closely miss Natasha.
Natasha is moderately wounded.
The white imp barely misses you.
You riposte.
You hit the white imp.
The white imp is severely wounded.
Natasha claws you but does no damage. The white imp hits you.
The white imp freezes you.
* * * LOW HITPOINT WARNING * * *
You miss Natasha.
Natasha is moderately wounded.
The white imp barely misses you.
Natasha wildly gestures.
You feel disoriented.
Natasha casts a spell.
The white imp barely misses you.
You hit Natasha.
Natasha is heavily wounded.
The white imp barely misses you. Natasha barely misses you.
The white imp gestures at you. The puff of frost hits you.
You die...

.#####...### ......
..........### ......
.............. ......#
.[............ #......
.........#....
#......####........#..).
#.......5..........#....
#......)5...............
#.?...h@................
#.....5#................
#......#......#+#'......
.......+......#.#'......
....###..†###.#.........
....#E#...#E#...........
... ###...###...........
................#'#.....
......_.......#.#.....


You could see Natasha, 2 white imps and a shadow imp (summoned).

Vanquished Creatures
  Natasha (D:2)
  A giant cockroach (D:2)
  5 goblins
  9 hobgoblins
  A ball python (D:1)
  6 bats
  4 frilled lizards (D:1)
  6 kobolds
  2 rats (D:1)
35 creatures vanquished.

Notes
Turn   | Place    | Note
-------+----------+-------------------------------------------
     0 | D:1      | BritishOli the Demonspawn Monk began the quest for the Orb.
     0 | D:1      | Reached XP level 1. HP: 18/18 MP: 1/1
   571 | D:1      | Gained mutation: You sometimes gain a little power by
                  | taking damage. [demonic ancestry]
   571 | D:1      | Reached XP level 2. HP: 23/24 MP: 2/2
  1377 | D:1      | Reached skill level 1 in Armour
  1451 | D:2      | Reached XP level 3. HP: 23/29 MP: 3/3
  1679 | D:2      | Found a stormy altar of Qazlal.
  1679 | D:2      | Noticed a fire elemental
  1682 | D:2      | Noticed an air elemental
  1683 | D:2      | Noticed Natasha
  1698 | D:2      | Killed Natasha
  1799 | D:2      | Noticed an earth elemental
  1799 | D:2      | Noticed a water elemental
  1818 | D:2      | Noticed Natasha
  1830 | D:2      | Killed from afar by a white imp

Illustrated notes

Levels and vault maps discovered:
D:1:      lemuel_arrival_muddy, layout_basic
D:2:      layout_basic, nicolae_qazlal_style_of_elements, first_ration,
          minmay_fractal_squares_gapless_5, uniq_crazy_yiuf_cottage, uniq_robin,
          uniq_natasha

Skill      XL: |  1  2  3 |
---------------+----------+-----
Stealth        | 2 |  2.0
Armour         | 1 |  1.3
Dodging        | 3 |  3.1
Long Blades    | 3 |  3.1
Fighting       | |  3.5

Action                   || total
-------------------------++-------
Melee: Falchion          ||    97
  Eat: Chunk             ||     3
Armor: Robe              ||    16
Dodge: Dodged            ||    77
       Rpst.: Falchion   ||    27

Table legend:
 A = Non-vault XP
 B = Vault XP
 C = Vault XP percentage of total XP
 D = Non-vault monster count
 E = Vault monster count
 F = Vault count percentage of total count
                 A         B        C        D         E       F
            +---------+---------+-------+---------+---------+-------
      Total |      54 |      35 |  39.3 |      34 |       1 |   2.9
            +---------+---------+-------+---------+---------+-------
        D:1 |      38 |       0 |   0.0 |      24 |       0 |   0.0
        D:2 |      16 |      35 |  68.6 |      10 |       1 |   9.1
            +---------+---------+-------+---------+---------+-------
